 Dungeon Crawl Stone Soup version 0.20.0-10-g0535bb4 (webtiles) character file.

337 Hyrikan the Shield-Bearer (level 6, -7/55 HPs)
             Began as a Deep Dwarf Fighter on June 3, 2017.
             Was an Initiate of Elyvilon.
             Mangled by Blork the orc
             ... wielding a +0 halberd
              (11 damage)
             ... on level 4 of the Dungeon.
             The game lasted 00:18:03 (3568 turns).

Hyrikan the Shield-Bearer (Deep Dwarf Fighter)      Turns: 3568, Time: 00:18:04

Health: -7/55      AC:  6    Str: 21    XL:     6   Next: 28%
Magic:  5/5        EV:  8    Int:  9    God:    Elyvilon [......]
Gold:   182        SH: 10    Dex: 12    Spells: 5/5 levels left

rFire    . . .     SeeInvis .   a - +0 war axe
rCold    . . .     Gourm    .   c - +0 shield
rNeg     . . .     Faith    .   n - +0 ring mail (curse)
rPois    .         Spirit   .   (no helmet)
rElec    .         Reflect  .   (no cloak)
rCorr    .         Harm     .   (no gloves)
MR       .....                  (no boots)
Stlth    +.........             v - amulet of magic regeneration
Regen    0.0/turn               (no ring)
MPRegen  0.2/turn               (no ring)

@: non-regenerating
A: damage resistance, heal wounds, sense surroundings 1, no regeneration
a: Heal Wounds, Renounce Religion


You were on level 4 of the Dungeon.
You worshipped Elyvilon.
Elyvilon was noncommittal.
You were not hungry.

You visited 1 branch of the dungeon, and saw 4 of its levels.

You collected 182 gold pieces.

Inventory:

Hand Weapons
 a - a +0 war axe (weapon)
Missiles
 l - 6 tomahawks of dispersal (quivered)
Armour
 b - a +0 scale mail
 c - a +0 shield (worn)
 n - a cursed +0 ring mail (worn)
Jewellery
 v - an amulet of magic regeneration (around neck)
Wands
 u - a wand of iceblast (5/15)
Scrolls
 i - a scroll of teleportation
 j - 4 scrolls of identify
 k - 5 scrolls of recharging
 t - a scroll of noise {unknown}
Potions
 d - a potion of might
 e - a potion of resistance {unknown}
 g - a potion of heal wounds {unknown}
 h - a potion of agility
 m - a potion of haste {unknown}
 o - 2 potions of brilliance {unknown}
 r - a potion of curing {unknown}
Comestibles
 f - 2 bread rations
 p - 2 fruits
 q - a meat ration
 s - 6 chunks of flesh


   Skills:
 - Level 2.6 Fighting
 + Level 4.5 Axes
 + Level 5.1 Armour
 + Level 5.3 Shields


You had 5 spell levels left.
You didn't know any spells.

Dungeon Overview and Level Annotations

Branches:
Dungeon (4/15)
 Temple: D:4-7

Altars:
Elyvilon
Ru

Annotations:
D:4 Blork the orc


Innate Abilities, Weirdness & Mutations

You are resistant to damage.
You can heal yourself by infusing magical energy.
You passively map a small area around you.
You do not regenerate.


Message History

You hit Blork the orc.
Blork the orc is lightly wounded.
Blork the orc gestures at you while chanting.
The magic dart hits you!
* * * LOW HITPOINT WARNING * * *
You block Blork the orc's attack.
You slash Blork the orc!
Blork the orc is heavily wounded.
Blork the orc barely misses you.
You closely miss Blork the orc.
Blork the orc is heavily wounded.
You block Blork the orc's attack.
You closely miss Blork the orc.
Blork the orc is heavily wounded.
Blork the orc gestures at you while chanting.
The puff of frost hits you!
* * * LOW HITPOINT WARNING * * *
Okay, then.
You fail to use your ability.
Blork the orc hits you with a halberd!
You die...

, , +....... , ,
,,###....# , , *
, , , #.#.## , *
, ###.#### , *
#....... , *+#*
#.#.#..# .#
#.#.....
##.########.#
#.###..#
#.....o@..#.##
#.# #..#
#.###.###....##
#.###>.. * #.
#.....###......#
* * #.
#....##.........
* * #o
#.#.###.########
#.###.#####.#
###...........#
........#######
*#########


You could see Blork the orc.

Vanquished Creatures
  An ogre (D:4)
  A howler monkey (D:3)
  A hound (D:4)
  An orc priest (D:4)
  Natasha (D:4)
  3 adders
  An ooze (D:3)
  4 worms
  4 dart slugs
  2 leopard geckos
  5 orcs
  2 ball pythons
  7 bats
  4 giant cockroaches
  6 goblins
  8 hobgoblins
  4 quokkas
  4 frilled lizards
  8 kobolds
  5 rats
72 creatures vanquished.

Notes
Turn   | Place    | Note
-------+----------+-------------------------------------------
     0 | D:1      | Hyrikan the Deep Dwarf Fighter began the quest for the Orb.
     0 | D:1      | Reached XP level 1. HP: 20/20 MP: 1/1
   377 | D:1      | Reached XP level 2. HP: 22/27 MP: 2/2
  1528 | D:2      | Reached XP level 3. HP: 19/33 MP: 3/3
  2076 | D:2      | Reached XP level 4. HP: 29/40 MP: 4/4
  2668 | D:3      | Found a sacrificial altar of Ru.
  3079 | D:3      | Reached XP level 5. HP: 18/46 MP: 5/5
  3106 | D:3      | Found a white marble altar of Elyvilon.
  3125 | D:3      | Became a worshipper of Elyvilon the Healer
  3354 | D:4      | Noticed an ogre
  3375 | D:4      | Elyvilon protects you from harm!
  3379 | D:4      | Killed an ogre
  3379 | D:4      | Reached skill level 5 in Shields
  3382 | D:4      | Reached skill level 5 in Armour
  3382 | D:4      | Reached XP level 6. HP: 11/55 MP: 6/6
  3511 | D:4      | Noticed Natasha
  3518 | D:4      | Killed Natasha
  3557 | D:4      | Noticed Blork the orc
  3568 | D:4      | Mangled by Blork the orc

Skill      XL: |  1  2  3  4  5 |
---------------+----------------+-----
Axes           | 3 4 |  4.5
Armour         | 4 5 |  5.1
Shields        | 4 5 |  5.3
Fighting       | |  2.6

Action                   |  1- 3 |  4- 6 || total
-------------------------+-------+-------++-------
Melee: War axe           |   131 |   130 ||   261
 Abil: Heal Wounds       |     1 |     3 ||     4
  Use: Scroll            |     3 |       ||     3
  Eat: Chunk             |     4 |     5 ||     9
Armor: Scale mail        |    25 |       ||    25
       Ring mail         |    30 |    51 ||    81
Dodge: Dodged            |    52 |    61 ||   113
Block: Shield            |    75 |    87 ||   162
